 Dungeon Crawl Stone Soup version 0.15.0-13-gb296d5c (webtiles) character file.

16 Johnny the Firebug (level 2, -1/20 HPs)
             Began as a Demigod Fire Elementalist on Sept 3, 2014.
             Slain by a jackal (3 damage)
             ... on Level 1 of the Dungeon.
             The game lasted 00:01:19 (246 turns).

Johnny the Firebug (Demigod Fire Elementalist)       Turns: 246, Time: 00:01:19

HP  -1/20        AC  3     Str 12      XL: 2   Next: 27%
MP   0/4         EV 12     Int 19      God:
Gold 27          SH  0     Dex 16      Spells:  2 memorised,  1 level left

rFire  . . .     SeeInvis .     g - +0 spear
rCold  . . .     Clarity  .     a - +0 robe
rNeg   . . .     rCorr    .     (no shield)
rPois  .         rRot     .     (no helmet)
rElec  .         Spirit   .     (no cloak)
SustAb .         Warding  .     (no gloves)
rMut   .         Stasis   .     i - +0 pair of boots
Gourm  .                        (no amulet)
MR     .....                    (no ring)
                                (no ring)

@: very slightly contaminated, not resistant to hostile enchantments, unstealthy
A: no striking features
a: no special abilities


You were on level 1 of the Dungeon.
You were not hungry.

You visited 1 branch of the dungeon, and saw 1 of its levels.

You collected 27 gold pieces.

Inventory:

Hand weapons
 e - a +0 hand axe
 g - a +0 spear (weapon)
Missiles
 j - 7 tomahawks of returning (quivered)
Armour
 a - a +0 robe (worn)
 i - a +0 pair of boots (worn)
Comestibles
 c - a bread ration
Scrolls
 d - a scroll of magic mapping {unknown}
 k - a scroll of recharging {unknown}
 m - a scroll of remove curse {unknown}
 o - a scroll of identify {unknown}
Jewellery
 l - an uncursed amulet of resist mutation {unknown}
Potions
 f - a potion of haste {unknown}
 h - a potion of flight {unknown}
 n - a potion of agility {unknown}
Books
 b - a book of Flames

   Spells                             Type                      Level
   *Flame Tongue                      Conjuration/Fire             1
   *Throw Flame                       Conjuration/Fire             2
   Conjure Flame                      Conjuration/Fire             3
   Inner Flame                        Hexes/Fire                   3
   Sticky Flame                       Conjuration/Fire             4
   Fireball                           Conjuration/Fire             5


   Skills:
 + Level 1.9 Dodging
 + Level 1.9 Stealth
 + Level 1.9 Spellcasting
 + Level 1.0 Conjurations
 + Level 3.1 Fire Magic


You had one spell level left.
You knew the following spells:

 Your Spells              Type           Power        Failure   Level  Hunger
a - Flame Tongue          Conj/Fire      #....        10%         1    #......
b - Throw Flame           Conj/Fire      #.....       12%         2    ##.....


Dungeon Overview and Level Annotations

Branches:
Dungeon (1/15)


Message History

The jackal bites you. The jackal barely misses you.
The jackal bites you but does no damage. x2
The jackal bites you but does no damage.
The jackal bites you.
* * * LOW HITPOINT WARNING * * *
You hit the jackal.
The jackal is moderately wounded.
The jackal bites you.
* * * LOW HITPOINT WARNING * * *
The jackal misses you.
Casting: Flame Tongue
Confirm with . or Enter, or press ? or * to list all spells.
Aiming: Flame Tongue
Press: ? - help, Shift-Dir - straight line, f/p - jackal
Aim: a jackal (moderately wounded)
The flame tongue misses the jackal. x2
The jackal bites you.
* * * LOW HITPOINT WARNING * * *
The jackal bites you.
You die...

..)##.........##........######...
##.##.....)...####.####..## #...
.#........................# ##..
...####.........#..####..## ##.
.#..###.#.........####...# ..
.......................# ...
....###.#.........######. ..
....%##.##................
................@........
....#.........##h##......
....#........# #h# #....#
...........# #.###....##
........... #..........
.......... ##..####.#..
.......... #%..# .........
#.)%.## ....#... #..#...


You could see 2 jackals.

Vanquished Creatures
  3 bats (D:1)
  A goblin (D:1)
  A hobgoblin (D:1)
  2 jackals (D:1)
  2 giant cockroaches (D:1)
  3 kobolds (D:1)
  3 rats (D:1)
15 creatures vanquished.

Notes
Turn   | Place    | Note
--------------------------------------------------------------
     0 | D:1      | Johnny, the Demigod Fire Elementalist, began the quest for the Orb.
     0 | D:1      | Reached XP level 1. HP: 14/14 MP: 3/3
   153 | D:1      | Reached skill level 1 in Conjurations
   181 | D:1      | Reached skill level 3 in Fire Magic
   181 | D:1      | Reached XP level 2. HP: 14/20 MP: 4/4
   185 | D:1      | Learned a level 2 spell: Throw Flame
   246 | D:1      | Slain by a jackal

Action                   || total
-------------------------++-------
Melee: Spear             ||    29
       Hand axe          ||     1
Throw: Tomahawk          ||     2
 Cast: Flame Tongue      ||     5
       Throw Flame       ||     2
